 Dungeon Sprint DCSS version 0.29-a0-330-g52719c12eb (webtiles) character file.

Game seed: 3920926663842840150

723 jt the Covert (level 7, 0/54 HPs)
             Began as an Octopode Brigand on May 7, 2022.
             Was an Initiate of Gozag.
             Slain by an ogre
             ... wielding a +0 giant club
              (17 damage)
             ... while paralysed by Grinder
             ... in the Dungeon (Sprint VII: "The Pits").
             The game lasted 00:01:47 (804 turns).

jt the Covert (Octopode Brigand)                     Turns: 804, Time: 00:01:48

Health: 0/54       AC:  1    Str: 10    XL:     7   Next: 71%
Magic:  7/7        EV:  2    Int: 13    God:    Gozag
Gold:   1152       SH:  0    Dex: 16    Spells: 6/6 levels left

rFire   . . .      SeeInvis .   a - +2 dagger (venom)
rCold   . . .      Faith    .   (no shield)
rNeg    . . .      Spirit   .   (helmet restricted)
rPois   .          Reflect  .   (no amulet)
rElec   .          Harm     .   (no ring)
rCorr   .          Rampage  .   (no ring)
Will    .....      NoTele   +   (no ring)
Stlth   +++++++...              (no ring)
HPRegen 0.18/turn               (no ring)
MPRegen 0.10/turn               (no ring)
                                (no ring)
                                (no ring)

@: paralysed
A: almost no armour, amphibious, 8 rings, camouflage 1, gelatinous body 1,
(nimble swimmer 1), tentacles
a: Renounce Religion, Potion Petition, Call Merchant, Bribe Branch


You were in the Dungeon.
You worshipped Gozag.
Gozag was most pleased with you.
You visited 1 branch You collected 1152 gold pieces.

Inventory:

Hand Weapons
 a - a +2 dagger of venom (weapon)
 b - a +1 dagger of electrocution
 o - a +2 short sword of protection
 p - a +1 vorpal trident
Missiles
 c - 3 curare-tipped darts
 k - 10 stones
 q - 9 poisoned darts (quivered)
Scrolls
 i - a scroll of blinking
 l - 5 scrolls of amnesia
 m - a scroll of summoning
 n - 2 scrolls of vulnerability
Potions
 d - 6 potions of curing
 e - 6 potions of heal wounds
 f - a potion of haste
 g - 4 potions of magic
 h - 2 potions of berserk rage
 j - 2 potions of invisibility


   Skills:
 + Level 7.3 Fighting
 + Level 7.5 Short Blades
 - Level 6.0 Throwing
 + Level 7.1 Dodging
 + Level 13.8 Stealth


You had 6 spell levels left.
You didn't know any spells.
Your spell library was empty.

Dungeon Overview and Level Annotations

Branches:
Dungeon (1/1)

Altars:
Ashenzari
Cheibriados
Dithmenos
Elyvilon
Fedhas
Gozag
Hepliaklqana
Kikubaaqudgha
Makhleb
Nemelex Xobeh
Okawaru
Qazlal
Ru
Sif Muna
Trog
Uskayaw
Vehumet
Wu Jian
Xom
Yredelemnul
Zin
The Shining One
Beogh
Jiyva
Lugonu

Annotations:
D Grinder


Innate Abilities, Weirdness & Mutations

You cannot wear most types of armour.
You are amphibious.
You can wear up to eight rings at the same time.
Your skin changes colour to match your surroundings (Stealth+).
Your rubbery body absorbs attacks. (AC +1, EV +1)
((You are camouflaged when in or above water. (Stealth+)))
You have tentacles for arms and can constrict up to eight enemies at once.


Message History

You open the door.
A dream sheep comes into view.
There is an open door here.
The helpless dream sheep fails to defend itself.
You skewer the dream sheep like a kebab!!!!
You kill the dream sheep!
Your Fighting skill increases to level 7!
Your Short Blades skill increases to level 7!
You now have 1089 gold pieces (gained 54).
There is an open door here.
You now have 1152 gold pieces (gained 63).
You open the door.
A gnoll, an ogre, Grinder and a gnoll sergeant come into view.
The gnoll is wielding a +2 spear of pain.
The gnoll is distracted by your dazzling golden aura.
There is an open door here.
The helpless gnoll sergeant fails to defend itself.
You perforate the gnoll sergeant like a sieve!!!!
You kill the gnoll sergeant!
Grinder shouts!
The gnoll shouts!
The gnoll is no longer distracted by gold.
Grinder is distracted by your dazzling golden aura.
Grinder shouts!
Training target 6.0 for Throwing reached!
Your Throwing skill increases to level 6!
Your Dodging skill increases to level 7!
Grinder is no longer distracted by gold.
The gnoll misses you. Grinder gestures at you.
You suddenly lose the ability to move!
Grinder hits you.
You writhe in agony.
The gnoll hits you from afar with a +2 spear of pain!
Grinder hits you!
You writhe in agony.
The gnoll hits you from afar with a +2 spear of pain.
The gnoll hits you from afar with a +2 spear of pain.
Grinder blinks!
The gnoll hits you from afar with a +2 spear of pain!
Grinder hits you but does no damage. The ogre hits you with a +0 giant club!
You die...
Your body crumbles into a pile of gold.

#.#........##.......#
#)#...))...##.......#
#.#####'#####...<...#
#.#...)))[.##.......#
#.#....).[.##.......#
#'###########.......#
#.......#g. #########
#.###...#O#
#.#.....#@#
#.#...#.#5#
#.....#.#.+
#...###.#'#
#.......'.#
###########


You could see Grinder, an ogre and a gnoll.

Vanquished Creatures
  A dream sheep (D)
  A flying skull (D)
  A floating eye (D)
  A necrophage (D)
  A scorpion (D)
  A gnoll sergeant (D)
  A crimson imp (D)
  Terence (D)
  2 river rats (D)
  4 ufetubi (D)
  An orc (D)
  2 goblins (D)
  4 jackals (D)
  A frilled lizard (D)
22 creatures vanquished.

Notes
Turn   | Place    | Note
-------+----------+-------------------------------------------
     0 | D        | jt the Octopode Brigand began the quest for the Orb.
     0 | D        | Reached XP level 1. HP: 14/14 MP: 1/1
    13 | D        | Reached skill level 7 in Stealth
    43 | D        | Found a glowing golden altar of the Shining One.
    43 | D        | Found a glowing silver altar of Zin.
    43 | D        | Found a basalt altar of Yredelemnul.
    43 | D        | Found a shimmering altar of Xom.
    43 | D        | Found an ornate altar of the Wu Jian Council.
    43 | D        | Found a bloodstained altar of Trog.
    43 | D        | Found a shimmering blue altar of Sif Muna.
    43 | D        | Found a sacrificial altar of Ru.
    43 | D        | Found a stormy altar of Qazlal.
    43 | D        | Found an iron altar of Okawaru.
    43 | D        | Found a sparkling altar of Nemelex Xobeh.
    43 | D        | Found a burning altar of Makhleb.
    43 | D        | Found a viscous altar of Jiyva.
    43 | D        | Found a hazy altar of Hepliaklqana.
    43 | D        | Found an opulent altar of Gozag.
    43 | D        | Found a blossoming altar of Fedhas.
    43 | D        | Found a white marble altar of Elyvilon.
    43 | D        | Found a shadowy altar of Dithmenos.
    43 | D        | Found a snail-covered altar of Cheibriados.
    44 | D        | Found a radiant altar of Vehumet.
    44 | D        | Found a corrupted altar of Lugonu.
    45 | D        | Found an ancient bone altar of Kikubaaqudgha.
    45 | D        | Found a hide-covered altar of Uskayaw.
    45 | D        | Found a broken altar of Ashenzari.
   232 | D        | Became a worshipper of Gozag Ym Sagoz the Greedy
   244 | D        | Reached skill level 8 in Stealth
   244 | D        | Reached XP level 2. HP: 10/19 MP: 2/2
   397 | D        | Reached skill level 9 in Stealth
   399 | D        | Reached XP level 3. HP: 24/24 MP: 3/3
   414 | D        | Reached skill level 10 in Stealth
   507 | D        | Noticed a floating eye
   512 | D        | Killed a floating eye
   513 | D        | Reached skill level 11 in Stealth
   513 | D        | Reached XP level 4. HP: 34/34 MP: 4/4
   513 | D        | Reached XP level 5. HP: 38/38 MP: 5/5
   564 | D        | Noticed Terence
   581 | D        | Killed Terence
   599 | D        | Reached skill level 5 in Fighting
   599 | D        | Reached skill level 5 in Short Blades
   599 | D        | Reached skill level 12 in Stealth
   599 | D        | Reached XP level 6. HP: 29/45 MP: 6/6
   608 | D        | Reached skill level 5 in Dodging
   785 | D        | Noticed a flying skull
   787 | D        | Killed a flying skull
   788 | D        | Reached skill level 5 in Throwing
   788 | D        | Reached skill level 13 in Stealth
   788 | D        | Reached XP level 7. HP: 53/53 MP: 7/7
   788 | D        | Noticed a dream sheep
   790 | D        | Killed a dream sheep
   796 | D        | Noticed Grinder
   799 | D        | Paralysed by Grinder for 6 turns
   804 | D        | Slain by an ogre

Illustrated notes

Levels and vault maps discovered:
D:        pitsprint [storerooms_1, entrance_room_1, metal_vault_3, armoury_2,
          mini_pit_1, grid_room_1, main_hall_1, silver_pit, the_coven_2,
          the_vestibule_1, steel_vault_4, golden_pit, hallway_of_sentries,
          crystal_vault_4, iron_vault_2, final_vault]

Skill      XL: |  1  2  3  4  5  6  7 |
---------------+----------------------+-----
Stealth        | 8 9 11 12 13 | 13.8
Fighting       | 4 5 6 7 |  7.3
Short Blades   | 4 5 6 7 |  7.5
Dodging        | 3 4 6 7 |  7.1
Throwing       | 3 5 6 |  6.0

Action                   |  1- 3 |  4- 6 |  7- 9 || total
-------------------------+-------+-------+-------++-------
Melee: Dagger            |    14 |    35 |     2 ||    51
       Constrict         |     2 |     9 |       ||    11
       Tentacles         |     1 |     9 |       ||    10
Throw: Dart              |       |     3 |       ||     3
  Use: Potion            |     1 |       |       ||     1
 Stab: Sleeping          |     5 |     2 |     2 ||     9
       Distracted        |       |     1 |       ||     1
Armor: Skin              |     1 |     1 |     1 ||     3
Dodge: Dodged            |     3 |    18 |     1 ||    22

Table legend: (Time is in decaauts)
 A = Elapsed time spent in this place.
 B = Non-inter-level travel time spent in this place.
 C = Inter-level travel time spent in this place.
 D = Time resting spent in this place.
 E = Time spent auto-exploring this place.
 F = Levels seen in this place.
 G = Mean time per level.
                   A        B        C        D        E       F      G
               +--------+--------+--------+--------+--------+-----+--------+
         Total |    801 |    801 |      0 |    568 |      0 |   1 |  801.0 |
       Dungeon |    801 |    801 |      0 |    568 |      0 |   1 |  801.0 |
               +--------+--------+--------+--------+--------+-----+--------+

Top non-repeatable levels by time:
       D: 801 daAuts
